 Dungeon Crawl Stone Soup version 0.30-a0-534-gdc55766716 (webtiles) character file.

Game seed: 403846775984464316

4300 Shayle the Fighter (level 10, 0/123 HPs)
             Began as a Demonspawn Reaver on Dec 24, 2022.
             Was an Initiate of Gozag.
             Slain by a tengu warrior
             ... wielding a +0 halberd
              (1 damage)
             ... on level 8 of the Dungeon.
             The game lasted 00:16:34 (7403 turns).

Shayle the Fighter (Demonspawn Reaver)              Turns: 7403, Time: 00:16:35

Health: 0/123      AC:  9    Str: 14    XL:     10   Next: 11%
Magic:  13/13      EV: 11    Int: 18    God:    Gozag
Gold:   949        SH:  9    Dex: 11    Spells: 12/13 levels left

rFire   . . .      SeeInvis +    p - +8 war axe "Selujexe" {spect, *Slow +Blink rElec rCorr}
rCold   . . .      Faith    .    D - +0 buckler
rNeg    . . .      Spirit   .    b - +0 leather armour
rPois   .          Reflect  .    (helmet unavailable)
rElec   +          Harm     .    x - +0 cloak
rCorr   +          Rampage  .    (no gloves)
Will    .....                    (no boots) Stlth
                                 g - amulet of the acrobat
HPRegen 0.40/turn                v - +4 ring of protection
MPRegen 0.13/turn                w - ring of see invisible

@: berserking, gold aura, very quick
A: horns 3, large bone plates 2, powered by death 1
a: Renounce Religion, Evoke Blink, Potion Petition, Call Merchant, Bribe Branch


You were on level 8 of the Dungeon.
You worshipped Gozag.
Gozag was pleased with you.
You visited 2 branches of the dungeon, and saw 9 of its levels.
You also visited: Sewer.

You collected 1061 gold pieces.
You paid 112 gold pieces to Gozag.

Inventory:

Hand Weapons
 a - a +0 spear
 k - a +4 sling
 p - the +8 war axe "Selujexe" (weapon) {spect, *Slow +Blink rElec rCorr}
   (You found it on level 3 of the Dungeon)

   When its wielder attacks, the weapon's spirit leaps out and strikes again.
   The spirit shares a part of any damage it takes with its wielder.
   rElec:     It insulates you from electricity.
   +Blink:    It lets you blink.
   rCorr:     It protects you from acid and corrosion.
   *Slow:     It may slow you when you take damage.
Missiles
 n - 2 throwing nets
Armour
 b - a +0 leather armour (worn)
 x - a +0 cloak (worn)
 y - the +1 ring mail "Luerot" {Will++ SInv}
   (You found it in a sewer)

   SInv:      It lets you see invisible.
   Will:      It greatly increases your willpower.
 D - a +0 buckler (worn)
Jewellery
 g - an amulet of the acrobat (around neck)
 m - an amulet of guardian spirit
 v - a +4 ring of protection (left hand)
 w - a ring of see invisible (right hand)
 z - a ring of wizardry
 F - an amulet of magic regeneration
Wands
 l - a wand of flame (16)
 s - a wand of polymorph (21)
Scrolls
 d - 3 scrolls of enchant weapon {unknown}
 f - 4 scrolls of teleportation
 u - 2 scrolls of blinking
 B - a scroll of fog {unknown}
 C - a scroll of silence {unknown}
 E - a scroll of poison {unknown}
Potions
 c - 2 potions of lignification {unknown}
 e - a potion of berserk rage
 h - a potion of heal wounds {unknown}
 i - 6 potions of curing
 j - 2 potions of invisibility {unknown}
 o - a potion of cancellation {unknown}
 q - 3 potions of degeneration
 r - 3 potions of flight
 t - 2 potions of ambrosia {unknown}
 A - a potion of magic {unknown}
 G - a potion of mutation {unknown}


   Skills:
 + Level 8.6 Fighting
 - Level 2.6 Polearms
 + Level 7.5 Armour
 - Level 1.7 Dodging
 - Level 8.2 Stealth
 + Level 2.3 Spellcasting
 + Level 3.3 Conjurations
 + Level 1.2 Necromancy
 + Level 1.2 Ice Magic


You had 12 spell levels left.
You knew the following spells:

 Your Spells              Type           Power      Damage    Failure   Level
a - Kiss of Death         Conj/Necr      40%        2d8       12%         1

Your spell library contained the following spells:

 Spells                   Type           Power      Damage    Failure   Level
 Momentum Strike          Conj/Tloc      16%        3d8       22%         2
 Sting                    Tmut/Pois      8%         1d3       28%         1
 Summon Small Mammal      Summ           8%         N/A       28%         1
 Hailstorm                Conj/Ice       10%        3d5       34%         3
 Poisonous Vapours        Pois/Air       4%         N/A       41%         2
 Dazzling Flash           Conj/Hex       16%        N/A       41%         3
 Call Canine Familiar     Summ           2%         N/A       65%         3
 Gell's Gravitas          Tloc           2%         N/A       65%         3
 Ignite Poison            Fire/Tmut/Pois 2%         N/A       65%         3
 Kindle Blastsparks       Fire/Tloc/Air  4%         2d10      65%         3
 Lesser Beckoning         Tloc           4%         N/A       65%         3
 Summon Guardian Golem    Hex/Summ       2%         N/A       65%         3
 Teleport Other           Tloc           2%         N/A       65%         3
 Iskenderun's Mystic Bla  Conj/Tloc      8%         2d4       83%         4
 Ice Form                 Ice/Tmut       4%         N/A       92%         4
 Olgreb's Toxic Radiance  Pois           2%         N/A       96%         4
 Freezing Cloud           Conj/Ice/Air   3%         6-21      99%         5
 Starburst                Conj/Fire      4%         6d3       100%        6
 Simulacrum               Ice/Necr       Unusable   N/A       N/A         6

Dungeon Overview and Level Annotations

Branches:
Dungeon (8/15)             Temple (1/1) D:6           Sewer (visited)
   Lair: D:8-11

Altars:
Cheibriados
Dithmenos
Fedhas
Gozag
Makhleb
Nemelex Xobeh
Ru
Uskayaw
Vehumet
Xom
Yredelemnul

Shops:
D:7 :


Innate Abilities, Weirdness & Mutations

You have a pair of large horns on your head.
You are mostly covered in large bone plates. (SH +6)
You regenerate a little health from kills.


Message History

Your Necromancy skill increases to level 1!
Your Ice Magic skill increases to level 1!
You have reached level 10!
Your demonic ancestry asserts itself...
The horns on your head grow some more.
The tengu warrior unwields a +0 halberd.
The tengu warrior wields a +0 arbalest.
The tengu warrior shoots a bolt.
The bolt hits you!!
You hear a shout!
You hit the tengu warrior but do no damage.
Your +8 war axe "Selujexe" {spect, *Slow +Blink rElec rCorr} hits the tengu warrior!
The tengu warrior unwields a +0 arbalest.
The tengu warrior wields a +0 halberd.
You block the tengu warrior's attack.
The tengu warrior pecks you but does no damage.
The tengu warrior claws you but does no damage.
The tengu warrior hits you with a +0 halberd.
The tengu warrior pecks you but does no damage.
The tengu warrior claws you.
You slash the tengu warrior!
You headbutt the tengu warrior, but do no damage.
The tengu warrior is moderately wounded.
Your +8 war axe "Selujexe" {spect, *Slow +Blink rElec rCorr} hits the tengu warrior but does no damage.
The tengu warrior hits you with a +0 halberd!!
The tengu warrior barely misses you. The tengu warrior closely misses you.
It was a potion of berserk rage.
A red film seems to cover your vision as you go berserk!
You feel yourself moving faster!
You feel mighty!
The gnoll is no longer moving quickly.
The tengu warrior hits you with a +0 halberd!!
* * * LOW HITPOINT WARNING * * *
The tengu warrior barely misses you. The tengu warrior claws you.
* * * LOW HITPOINT WARNING * * *
You hit the tengu warrior. You headbutt the tengu warrior!
The tengu warrior is heavily wounded.
Your +8 war axe "Selujexe" {spect, *Slow +Blink rElec rCorr} hits the tengu warrior!
The tengu warrior hits you with a +0 halberd!
* * * LOW HITPOINT WARNING * * *
The tengu warrior pecks you.
You die...
Your body crumbles into a pile of gold.

#. #..#####..# . #.
##.......## .. #
#####.##### ##
#.........#
#.#.#.#.#.#
#..#.#.#..#
#.#.....#.####...
....#.#.#.(QgggT..
#.#.#.....#@####...
#.#..#.#.#..#
#.#.#.#.#.# $ $
#.........# $$
#####.##### ... ...
##


You could see a tengu warrior, a troll, a gnoll bouda, 2 gnolls and a friendly
+8 war axe "Selujexe" {spect, *Slow +Blink rElec rCorr} (summoned).

Vanquished Creatures
  A centaur warrior (D:8)
  A two-headed ogre (D:8)
  Grinder (D:6)
  3 steam dragons (D:8)
  An acid dragon (D:8)
  3 water moccasins
  2 black bears
  Pargi (D:3)
  2 centaurs (D:7)
  2 kobold brigands
  A phantom (D:4)
  3 bullfrogs
  A necrophage (D:4)
  7 scorpions
  A wight (D:8)
  A howler monkey (D:4)
  3 jellies
  2 orc priests
  A gnoll bouda (D:8)
  A hound (D:5)
  Ijyb (D:3)
  Natasha (thrice) (D:2)
  3 orc wizards
  9 gnolls
  9 adders
  A shadow imp (D:7)
  2 white imps
  4 ufetubi
  3 worms
  A dart slug (D:4)
  16 orcs
  10 ball pythons
  10 endoplasms
  15 giant cockroaches
  4 goblins
  10 hobgoblins
  4 jackals (D:2)
  15 quokkas
  4 bats (D:2)
  13 frilled lizards (Sewer)
  19 kobolds
  3 rats
197 creatures vanquished.

Notes
Turn   | Place    | Note
-------+----------+-------------------------------------------
     0 | D:1      | Shayle the Demonspawn Reaver began the quest for the Orb.
     0 | D:1      | Reached XP level 1. HP: 16/16 MP: 3/3
   356 | D:1      | Gained mutation: You have a pair of small horns on your
                  | head. [demonic ancestry]
   356 | D:1      | Reached XP level 2. HP: 11/22 MP: 5/5
   723 | D:1      | Reached skill level 1 in Stealth
   857 | D:1      | Reached skill level 1 in Armour
  1334 | D:2      | Gained mutation: You are partially covered in large bone
                  | plates. (SH +4) [demonic ancestry]
  1334 | D:2      | Reached XP level 3. HP: 28/28 MP: 6/6
  1605 | D:2      | Found a sparkling altar of Nemelex Xobeh.
  1626 | D:2      | Noticed Natasha
  1631 | D:2      | Killed Natasha
  1632 | D:2      | Gained mutation: You regenerate a little health from kills.
                  | [demonic ancestry]
  1632 | D:2      | Reached XP level 4. HP: 24/35 MP: 7/7
  1717 | D:2      | Noticed Natasha
  1723 | D:2      | Killed Natasha
  1902 | D:2      | Noticed Natasha
  1928 | D:2      | Killed Natasha
  2128 | D:3      | Identified the +8 war axe "Selujexe" {spect, *Slow +Blink
                  | rElec rCorr}
  2148 | D:3      | Gained mutation: You have a pair of horns on your head.
                  | [demonic ancestry]
  2148 | D:3      | Reached XP level 5. HP: 41/41 MP: 8/8
  2167 | D:3      | Found a burning altar of Makhleb.
  2169 | D:3      | Noticed Pargi
  2185 | D:3      | Killed Pargi
  2217 | D:3      | Noticed Ijyb
  2380 | D:3      | Reached XP level 6. HP: 48/48 MP: 9/9
  2751 | D:3      | Killed Ijyb
  3154 | D:4      | Identified the +5 plate armour "Woytwutza" {Rampage Slay+2}
  3158 | D:4      | Gained mutation: You are mostly covered in large bone
                  | plates. (SH +6) [demonic ancestry]
  3158 | D:4      | Reached XP level 7. HP: 55/55 MP: 10/10
  3298 | D:4      | Reached skill level 5 in Fighting
  3543 | D:5      | Entered Level 5 of the Dungeon
  3553 | D:5      | Found a basalt altar of Yredelemnul.
  3759 | D:5      | Found a shadowy altar of Dithmenos.
  3808 | D:5      | Found a glowing drain.
  3819 | Sewer    | Entered a sewer
  3999 | Sewer    | Reached skill level 5 in Stealth
  4005 | Sewer    | Identified the +1 ring mail "Luerot" {Will++ SInv}
  4064 | D:5      | Reached XP level 8. HP: 64/64 MP: 11/11
  4598 | D:5      | Reached skill level 5 in Armour
  4673 | D:6      | Found a staircase to the Ecumenical Temple.
  4679 | Temple   | Entered the Ecumenical Temple
  4697 | Temple   | Became a worshipper of Gozag Ym Sagoz the Greedy
  5073 | D:6      | Noticed Grinder
  5081 | D:6      | Killed Grinder
  5612 | D:7      | Found Mekle's Book Shoppe.
  6014 | D:7      | Found a hide-covered altar of Uskayaw.
  6201 | D:7      | Reached XP level 9. HP: 67/72 MP: 12/12
  6807 | D:8      | Noticed a two-headed ogre
  6850 | D:8      | Noticed a four-headed hydra
  7160 | D:8      | Killed a two-headed ogre
  7390 | D:8      | Noticed a centaur warrior
  7391 | D:8      | Noticed a troll
  7391 | D:8      | Noticed a tengu warrior
  7397 | D:8      | Killed a centaur warrior
  7398 | D:8      | Reached skill level 1 in Necromancy
  7398 | D:8      | Reached skill level 1 in Ice Magic
  7398 | D:8      | Gained mutation: You have a pair of large horns on your
                  | head. [demonic ancestry]
  7398 | D:8      | Reached XP level 10. HP: 79/82 MP: 13/13
  7403 | D:8      | HP: 1/123 [tengu warrior/+0 halberd (13)]
  7403 | D:8      | Slain by a tengu warrior

Illustrated notes

Levels and vault maps discovered:
D:1:      mrwooster_arrival_statue_3, layout_basic
D:2:      layout_loops_cross, basic_altar, uniq_natasha
D:3:      layout_loops_ring, mainiacjoe_overflow_paths, solitary_fountain,
          uniq_pargi, uniq_ijyb
D:4:      layout_basic, columned_hall_lemuel
D:5:      layout_basic, nicolae_dithmenos_through_a_glass_darkly,
          mainiacjoe_overflow_tiny_flanked, portal_sewer_entry_f,
          corexii_leaking_fountain
D:6:      layout_loops_corners, minmay_temple_entry_butterflies, uniq_grinder
D:7:      layout_rooms, lemuel_doored_altar, serial_shops,
          nicolae_take_the_stairs, serial_co_window_serial, co_window_cross_1,
          co_window_of_opportunity_a, co_window_of_opportunity_a,
          co_window_of_opportunity_a, co_window_of_opportunity_a,
          co_window_of_opportunity_c, co_window_unsneaky_path_d,
          co_window_cross_3, co_window_cross_4, co_window_unsneaky_path_b,
          co_window_4corner_b, co_window_4corner_a, glass_columns_a,
          glass_columns_a, fountainhead, minmay_misc_feat_five
D:8:      layout_cave_pods, nicolae_qazlal_style_of_elements,
          minmay_the_grid_2x2 [minmay_the_grid_gridbox,
          minmay_the_grid_dragon_b, minmay_the_grid_minigrid_medium,
          minmay_the_grid_prize_four_corners], uniq_maurice
Temple:   hellmonk_temple_rainy

Skill      XL: |  1  2  3  4  5  6  7  8  9 |
---------------+----------------------------+-----
Stealth        | 1 2 3 4 5 6 8 |  8.2
Armour         | 1 2 3 4 6 7 |  7.5
Fighting       | 3 4 5 7 8 |  8.6
Necromancy     | 1 |  1.2
Ice Magic      | 1 |  1.2
Polearms       | |  2.6
Dodging        | |  1.7
Spellcasting   | |  2.3
Conjurations   | |  3.3

Action                   |  1- 3 |  4- 6 |  7- 9 | 10-12 || total
-------------------------+-------+-------+-------+-------++-------
Melee: Spear             |   117 |       |       |       ||   117
       Headbutt          |    13 |     7 |    19 |     2 ||    41
       Punch             |     3 |       |       |       ||     3
       War axe           |       |    36 |   161 |     3 ||   200
 Fire: Sling             |    11 |    19 |    19 |       ||    49
  Use: Scroll            |       |       |     6 |       ||     6
       Potion            |       |       |       |     1 ||     1
 Stab: Sleeping          |     1 |       |    11 |       ||    12
Armor: Leather armour    |    32 |     8 |    43 |     3 ||    86
Dodge: Dodged            |    72 |    13 |    92 |     3 ||   180
Block: Other             |     2 |     4 |    38 |       ||    44
       Buckler           |       |       |    35 |     1 ||    36

Table legend: (Time is in decaauts)
 A = Elapsed time spent in this place.
 B = Non-inter-level travel time spent in this place.
 C = Inter-level travel time spent in this place.
 D = Time resting spent in this place.
 E = Time spent auto-exploring this place.
 F = Levels seen in this place.
 G = Mean time per level.
                   A        B        C        D        E       F      G
               +--------+--------+--------+--------+--------+-----+--------+
         Total |   7583 |   7392 |    191 |    575 |   4763 |  10 |  758.3 |
       Dungeon |   7279 |   7088 |    191 |    575 |   4763 |   8 |  909.9 |
        Temple |     24 |     24 |      0 |      0 |      0 |   1 |   24.0 |
         Sewer |    279 |    279 |      0 |      0 |      0 |   1 |  279.0 |
               +--------+--------+--------+--------+--------+-----+--------+

Top non-repeatable levels by time:
     D:7: 1148 daAuts
     D:1: 1086 daAuts
     D:2: 1065 daAuts
     D:6: 933 daAuts
     D:5: 928 daAuts
     D:3: 752 daAuts
     D:4: 683 daAuts
     D:8: 680 daAuts
   Sewer: 279 daAuts
  Temple: 24 daAuts
